 Dungeon Crawl Stone Soup version 0.21-a0-528-gf531e82 (webtiles) character file.

589 Gerstahl the Skirmisher (level 7, -8/70 HPs)
             Began as a Gargoyle Monk on Dec 8, 2017.
             Killed from afar by Dowan (10 damage)
             ... with a stone arrow
             ... on level 4 of the Dungeon.
             The game lasted 00:05:12 (3149 turns).

Gerstahl the Skirmisher (Gargoyle Monk)             Turns: 3149, Time: 00:05:13

Health: -8/70      AC: 23    Str: 15    XL:     7   Next: 38%
Magic:  7/7        EV:  2    Int: 10    God:
Gold:   135        SH:  0    Dex: 14    Spells: 6/6 levels left

rFire    . . .     SeeInvis .   k - +1 falchion (flame)
rCold    . . .     Gourm    .   (no shield)
rNeg     + + +     Faith    .   (armour currently unavailable)
rPois    ∞         Spirit   .   (helmet currently unavailable)
rElec    .         Reflect  .   (cloak currently unavailable)
rCorr    +         Harm     .   (gloves currently unavailable)
MR       .....     NoTele   +   (boots currently unavailable)
Stlth    +.........             (no amulet)
HPRegen  0.21/turn              d - ring of loudness (curse)
MPRegen  0.10/turn              i - ring of resist corrosion

@: tree-form
A: negative energy resistance 1, petrification resistance, rot immunity, AC +4
a: no special abilities


You were on level 4 of the Dungeon.
You were hungry.
You were a tree.
You visited 1 branch of the dungeon, and saw 4 of its levels.

You collected 135 gold pieces.

Inventory:

Hand Weapons
 a - a +0 falchion
 k - a +1 falchion of flaming (weapon)
Armour
 b - a +0 robe
 n - a cursed +0 leather armour (melded)
Jewellery
 d - a cursed ring of loudness (left branch)
 i - a ring of resist corrosion (right branch)
Scrolls
 e - a scroll of immolation {unknown}
 f - 3 scrolls of fog {unknown}
 h - a scroll of magic mapping {unknown}
 l - a scroll of fear {unknown}
 o - 2 scrolls of random uselessness {unknown}
Potions
 p - a potion of agility
Miscellaneous
 j - a phial of floods
Comestibles
 c - 3 bread rations
 g - 3 meat rations


   Skills:
 + Level 6.5 Fighting
 + Level 5.4 Long Blades
 + Level 1.3 Armour
 + Level 2.7 Dodging
 - Level 2.1 Stealth


You had 6 spell levels left.
You didn't know any spells.

Dungeon Overview and Level Annotations

Branches:
Dungeon (4/15)
 Temple: D:4-7

Altars:

Shops:
D:4 ?

Annotations:
D:4 Dowan


Innate Abilities, Weirdness & Mutations

You are resistant to torment.
((Your stone body is resilient. (AC +4)))
You are immune to poison.
You resist negative energy. (rN+)
((You are resistant to electric shocks. (rElec)))
((You can survive without breathing.))
You are immune to petrification.
You are immune to rotting.


Message History

Your roots penetrate the ground.
Duvessa hits you but does no damage. x2
You hit Duvessa but do no damage.
Duvessa is severely wounded.
Duvessa hits you but does no damage.
You hit Duvessa. You burn Duvessa.
Duvessa is almost dead.
Duvessa hits you but does no damage. x2
You slash Duvessa! You burn Duvessa.
You kill Duvessa!
Dowan screams, "No!
Oh no!"
Dowan seems to find hidden reserves of power!
Your Armour skill increases to level 1!
Dowan points at you and mumbles some strange words.
The shard of ice hits you!
* * * LOW HITPOINT WARNING * * *
Dowan hits you but does no damage.
You closely miss Dowan. Dowan casts a spell at you.
Helpless, you fail to dodge the stone arrow.
You die...

##...# #..##.# ##...##
##....# ### #..#.#
###.## .....#.##.####
#..# #...........# #..#
#...#..###.##e## #...
#. ##. #.##..# ##...
##. #.###.# ##.... ...
#♣# #.## #.....
#....#e###..######.....
###...†................
##.#.#####.#####.....
...... #.#####.#...
....... #.........<.
#.....%..# #..........#
#........# #..........#
########## ##.........#


You could see Dowan.

Vanquished Creatures
  Sigmund (D:2)
  Duvessa (D:4)
  A bullfrog zombie (D:4)
  2 hounds (D:4)
  Terence (D:2)
  A worker ant (D:2)
  3 adders
  4 gnolls (D:3)
  An ooze (D:1)
  4 worms
  3 dart slugs
  4 leopard geckos
  2 orcs (D:3)
  8 bats
  9 giant cockroaches
  7 goblins
  10 hobgoblins
  9 jackals
  3 ball pythons
  9 frilled lizards
  12 kobolds
  2 rats
97 creatures vanquished.

Notes
Turn   | Place    | Note
-------+----------+-------------------------------------------
     0 | D:1      | Gerstahl the Gargoyle Monk began the quest for the Orb.
     0 | D:1      | Reached XP level 1. HP: 14/14 MP: 1/1
   250 | D:1      | Reached XP level 2. HP: 19/19 MP: 2/2
   520 | D:1      | Reached XP level 3. HP: 20/24 MP: 3/3
   522 | D:1      | Reached skill level 4 in Fighting
   873 | D:2      | Noticed Terence
  1068 | D:2      | Reached XP level 4. HP: 25/30 MP: 4/4
  1314 | D:2      | Killed Terence
  1314 | D:2      | Reached XP level 5. HP: 11/34 MP: 5/5
  1538 | D:2      | Reached skill level 5 in Fighting
  1637 | D:2      | Noticed Sigmund
  1660 | D:2      | Killed Sigmund
  1660 | D:2      | Reached XP level 6. HP: 18/41 MP: 6/6
  2159 | D:3      | Reached skill level 6 in Fighting
  2159 | D:3      | Reached skill level 5 in Long Blades
  2930 | D:4      | Found Ydadghaon's Magic Scroll Shoppe.
  2950 | D:4      | Reached XP level 7. HP: 47/47 MP: 7/7
  3095 | D:4      | Noticed Dowan
  3131 | D:4      | Noticed Duvessa
  3147 | D:4      | Killed Duvessa
  3147 | D:4      | Reached skill level 1 in Armour
  3147 | D:4      | HP: 2/70 [Dowan/shard of ice (8)]
  3149 | D:4      | Killed from afar by Dowan

Vault maps used:
D:1:      evilmike_arrival_plus, hangedman_decor_points, minivault_19
D:2:      first_bread, minmay_lizard_king, uniq_terence, uniq_sigmund
D:3:      serial_bayou, serial_bayou_pond_d, serial_bayou_pond_b,
          serial_bayou_pond_d, serial_bayou_shore_b, minmay_checkerbox
D:4:      serial_shops, shop_scrolls, uniq_duvessa

Skill      XL: |  1  2  3  4  5  6  7 |
---------------+----------------------+-----
Long Blades    | 3 4 5 |  5.4
Fighting       | 4 5 6 |  6.5
Armour         | 1 |  1.3
Dodging        | |  2.7
Stealth        | |  2.1

Action                   |  1- 3 |  4- 6 |  7- 9 || total
-------------------------+-------+-------+-------++-------
Melee: Falchion          |   116 |   175 |    28 ||   319
  Use: Potion            |       |     3 |     1 ||     4
 Stab: Sleeping          |     5 |     2 |       ||     7
  Eat: Chunk             |     1 |     6 |       ||     7
Armor: Robe              |    49 |    34 |       ||    83
       Leather armour    |       |       |    12 ||    12
       Skin              |       |       |     6 ||     6
Dodge: Dodged            |    81 |   127 |    17 ||   225
       Rpst.: Falchion   |    31 |    40 |     5 ||    76

Table legend:
 A = Spawn XP
 B = Non-spawn XP
 C = Spawn XP percentage of total XP
 D = Spawn monster count
 E = Non-spawn monster count
 F = Spawn count percentage of total count
 G = Total turns spent on level
                    A         B        C        D         E        F      G
               +---------+---------+-------+---------+---------+-------+---------
         Total |       0 |     842 |   0.0 |       0 |      97 |   0.0 |  3149
               +---------+---------+-------+---------+---------+-------+---------
           D:1 |       0 |      57 |   0.0 |       0 |      27 |   0.0 |   832
           D:2 |       0 |     375 |   0.0 |       0 |      33 |   0.0 |  1225
           D:3 |       0 |     144 |   0.0 |       0 |      33 |   0.0 |   856
           D:4 |       0 |     266 |   0.0 |       0 |       4 |   0.0 |   236
               +---------+---------+-------+---------+---------+-------+---------
